 Dungeon Crawl Stone Soup version 0.21-a0-260-g9b2435e (webtiles) character file.

16 zane53102 the Ducker (level 2, 0/24 HPs)
             Began as a Demigod Gladiator on Sept 7, 2017.
             Slain by Edmund
             ... wielding a +3 flail of protection
              (7 damage)
             ... on level 4 of the Dungeon.
             The game lasted 00:04:38 (416 turns).

zane53102 the Ducker (Demigod Gladiator)             Turns: 416, Time: 00:04:39

Health: 0/24       AC:  4    Str: 17    XL:     2   Next: 27%
Magic:  4/4        EV: 13    Int: 12    God:
Gold:   6          SH:  0    Dex: 17    Spells: 1/1 levels left

rFire    . . .     SeeInvis .   a - +0 long sword
rCold    . . .     Gourm    .   (no shield)
rNeg     . . .     Faith    .   b - +0 leather armour
rPois    .         Spirit   .   c - +0 helmet
rElec    .         Reflect  .   (no cloak)
rCorr    .         Harm     .   (no gloves)
MR       .....                  (no boots)
Stlth    +.........             (no amulet)
HPRegen  0.08/turn              (no ring)
MPRegen  0.09/turn              (no ring)

@: no status effects
A: high mp 1
a: no special abilities


You were on level 4 of the Dungeon.
You were very full.

You visited 1 branch of the dungeon, and saw 3 of its levels.

You collected 6 gold pieces.

Inventory:

Hand Weapons
 a - a +0 long sword (weapon)
Missiles
 d - 3 throwing nets (quivered)
Armour
 b - a +0 leather armour (worn)
 c - a +0 helmet (worn)
Jewellery
 e - an uncursed ring of positive energy {unknown}
Scrolls
 h - a scroll of identify {unknown}
Potions
 f - a potion of brilliance {unknown}
 g - a potion of mutation {unknown}
 i - 2 potions of curing {unknown}


   Skills:
 + Level 2.1 Fighting
 + Level 2.9 Long Blades
 + Level 1.9 Throwing
 + Level 2.9 Dodging


You had one spell level left.
You didn't know any spells.

Dungeon Overview and Level Annotations

Branches:
Dungeon (2/15)

Annotations:
D:4 Edmund


Innate Abilities, Weirdness & Mutations

You have an increased reservoir of magic. (+10% MP)


Message History

The ooze is lightly wounded.
The ooze barely misses you.
You hit the ooze.
The ooze is lightly wounded.
The ooze hits you.
You barely miss the ooze.
The ooze is lightly wounded.
The ooze hits you.
* * * LOW HITPOINT WARNING * * *
You slash the ooze!
You kill the ooze!
Edmund the Younger comes into view.
He is wielding a flail of protection.
Edmund shouts!
You hear an angry hiss.
Found 9 gold pieces.
You hit Edmund but do no damage. Edmund closely misses you.
An iguana comes into view.
You hit Edmund.
Edmund is lightly wounded.
Edmund hits you with a flail of protection!
You die...

##....#.#
#.....#
#.....#
#.....#
##....##
#..####
#.##
##.#######
+.@@....l$
#.#########
... ####
.... ###


You could see Edmund and an iguana.

Vanquished Creatures
  An ooze (D:4)
  A ball python (D:1)
  A goblin (D:2)
  4 hobgoblins
  2 kobolds
  3 rats
12 creatures vanquished.

Notes
Turn   | Place    | Note
-------+----------+-------------------------------------------
     0 | D:1      | zane53102 the Demigod Gladiator began the quest for the Orb.
     0 | D:1      | Reached XP level 1. HP: 17/17 MP: 3/3
   359 | D:2      | Reached XP level 2. HP: 7/24 MP: 4/4
   402 | D:2      | You fall through a shaft for 2 floors!
   413 | D:4      | Noticed Edmund
   416 | D:4      | Slain by Edmund

Vault maps used:
D:1:      lemuel_arrival_funnel
D:2:      serial_forest, infiniplex_forest_corner_1,
          infiniplex_forest_straight_1, infiniplex_forest_straight_2,
          infiniplex_forest_straight_3, infiniplex_forest_straight_2
D:4:      kennysheep_little_box, tso_altar, nicolae_overflow_hidden_temple,
          ashenzari_conservatory_becter, serial_co_window_serial,
          co_window_paths_a, co_window_paths_a, co_window_paths_a,
          co_window_corner_a, co_window_corner_a, co_window_paths_a,
          co_window_corner_a, co_window_cross_3, co_window_broadway_c,
          glass_columns_a, first_bread, uniq_edmund

Skill      XL: |  1  2 |
---------------+-------+-----
Fighting       | 2 |  2.1
Long Blades    | |  2.9
Throwing       | |  1.9
Dodging        | |  2.9

Action                   || total
-------------------------++-------
Melee: Long sword        ||    29
  Eat: Bread ration      ||     1
Armor: Leather armour    ||     8
Dodge: Dodged            ||    25
       Rpst.: Long sword ||     7

Table legend:
 A = Spawn XP
 B = Non-spawn XP
 C = Spawn XP percentage of total XP
 D = Spawn monster count
 E = Non-spawn monster count
 F = Spawn count percentage of total count
 G = Total turns spent on level
                    A         B        C        D         E        F      G
               +---------+---------+-------+---------+---------+-------+---------
         Total |       0 |      24 |   0.0 |       0 |      12 |   0.0 |   416
               +---------+---------+-------+---------+---------+-------+---------
           D:1 |       0 |       9 |   0.0 |       0 |       6 |   0.0 |   262
           D:2 |       0 |       8 |   0.0 |       0 |       5 |   0.0 |   140
           D:4 |       0 |       7 |   0.0 |       0 |       1 |   0.0 |    14
               +---------+---------+-------+---------+---------+-------+---------
